 Dungeon Crawl Stone Soup version 0.18.1-50-g88ac8fd (webtiles) character file.

99 lorenzova the Conjurer (level 4, -12/24 HPs)
             Began as a Deep Elf Conjurer on Oct 23, 2016.
             Shot with an arrow by a centaur (13 damage)
             ... on level 3 of the Dungeon.
             The game lasted 00:08:12 (3464 turns).

lorenzova the Conjurer (Deep Elf Conjurer)          Turns: 3464, Time: 00:08:13

Health: -12/24     AC:  4    Str:  5    XL:     4   Next: 45%
Magic:  1/12       EV: 13    Int: 21    God:
Gold:   241        SH:  0    Dex: 15    Spells: 2 memorised, 7 levels left

rFire  . . .     SeeInvis .     i - +2 dagger (flame)
rCold  . . .     Gourm    .     a - +0 robe
rNeg   . . .     Faith    .     (no shield)
rPois  .         Spirit   .     (no helmet)
rElec  .         Dismiss  .     e - +0 cloak
rCorr  .         Reflect  .     (no gloves)
SustAt .         Harm     .     p - +0 pair of boots
MR     .....                    (no amulet)
Stlth  ++........               (no ring)
                                (no ring)

@: very slightly contaminated, not resistant to hostile enchantments, unstealthy
A: evolution 1
a: no special abilities


You were on level 3 of the Dungeon.
You were hungry.

You visited 1 branch of the dungeon, and saw 4 of its levels.

You collected 241 gold pieces.

Inventory:

Hand Weapons
 i - a +2 dagger of flaming (weapon)
Armour
 a - a +0 robe (worn)
 e - a +0 cloak (worn)
 p - a +0 pair of boots (worn)
Magical Staves
 h - an uncursed staff of summoning
Scrolls
 f - a scroll of enchant armour {unknown}
 g - a scroll of magic mapping
 k - 2 scrolls of fear {unknown}
 o - 5 scrolls of teleportation {unknown}
 r - a scroll of blinking {unknown}
 t - a scroll of remove curse
 v - a scroll of identify
Potions
 j - 2 potions of magic
 m - 2 potions of curing {unknown}
 n - a potion of agility {unknown}
 q - a potion of lignification {unknown}
 s - a potion of might {unknown}
 u - a potion of haste {unknown}
Books
 b - a book of Conjurations

   Spells                             Type                      Level
   a - Magic Dart                     Conjuration                  1
   b - Searing Ray                    Conjuration                  2
   c - Dazzling Spray                 Conjuration/Hexes            3
   d - Fulminant Prism                Conjuration/Hexes            4
   e - Iskenderun's Mystic Blast      Conjuration                  4
   f - Iskenderun's Battlesphere      Conjuration/Charms           5
Comestibles
 c - 2 bread rations
 d - a beef jerky


   Skills:
 - Level 2.4 Dodging
 - Level 2.4 Stealth
 + Level 4.7 Spellcasting
 + Level 5.7 Conjurations


You had 7 spell levels left.
You knew the following spells:

 Your Spells              Type           Power        Failure   Level  Hunger
a - Magic Dart            Conj           ####         1%          1    None
b - Iskenderun's Mystic   Conj           ####....     14%         4    ####...


Dungeon Overview and Level Annotations

Branches:
Dungeon (4/15)
 Temple: D:4-7

Altars:
Gozag
Nemelex Xobeh
Trog
Zin

Annotations:
D:3 Monkfish's ghost, novice KoAs
D:4 Edmund; Eustachio; Pikel


Innate Abilities, Weirdness & Mutations

You evolve.


Message History

Press: ? - help, Shift-Dir - straight line, f/p - centaur
Aim: a centaur, wielding a shortbow (severely wounded)
You miscast Iskenderun's Mystic Blast.
You are very lightly contaminated with residual magic.
The air around you crackles with energy!
You are feeling hungry.
The centaur shoots an arrow.
The arrow hits you!
The centaur shoots an arrow.
The arrow hits you.
Casting: Iskenderun's Mystic Blast
Confirm with . or Enter, or press ? or * to list all spells.
Aiming: Iskenderun's Mystic Blast
Press: ? - help, Shift-Dir - straight line, f/p - centaur
Aim: a centaur, wielding a shortbow (heavily wounded)
The orb of energy misses the centaur.
The centaur shoots an arrow.
The arrow hits you!
* * * LOW HITPOINT WARNING * * *
You see here an arrow.
The centaur shoots an arrow.
The arrow hits you!
Ouch! That really hurt!
You die...

#........##.#.# #.####
##'########.#.#######..(..
#......>........[......##
#######..................
####.#.##########.#
########.#.# #.........
#......#.#.###.#######.
###.##.#.#.).).......#.
#.##@#.#####.####.##.
#.##(#.......# #.##.
#.<#.######### #.##.
########........# #.##.
.......c#######.# #.##"
#######(# #####.##.
#........c... #.....##.
#.###.####### #.....##.
#.# #....<##.


You could see a centaur.

Vanquished Creatures
  4 adders
  2 worms (D:3)
  3 dart slugs
  2 orcs (D:4)
  2 giant cockroaches
  2 goblins (D:3)
  6 hobgoblins
  4 jackals (D:3)
  7 kobolds
  A quokka (D:2)
  A ball python (D:2)
  7 bats
  A giant gecko skeleton (D:4)
  2 giant newts (D:2)
  7 rats
51 creatures vanquished.

Notes
Turn   | Place    | Note
--------------------------------------------------------------
     0 | D:1      | lorenzova the Deep Elf Conjurer began the quest for the Orb.
     0 | D:1      | Reached XP level 1. HP: 10/10 MP: 6/6
   348 | D:1      | Reached XP level 2. HP: 15/15 MP: 5/8
   871 | D:2      | Found a bloodstained altar of Trog.
   909 | D:2      | Reached skill level 5 in Conjurations
   909 | D:2      | Reached XP level 3. HP: 19/19 MP: 6/10
  1210 | D:2      | Found a sparkling altar of Nemelex Xobeh.
  1546 | D:3      | Gained mutation: You evolve. [potion of beneficial mutation]
  1851 | D:3      | Noticed Monkfish's ghost (novice KoAs)
  1879 | D:3      | Found an opulent altar of Gozag.
  1880 | D:3      | Found a glowing silver altar of Zin.
  2158 | D:3      | Reached XP level 4. HP: 24/24 MP: 8/12
  2259 | D:3      | Learned a level 4 spell: Iskenderun's Mystic Blast
  2362 | D:4      | Noticed Edmund
  2362 | D:4      | Noticed an ogre
  2364 | D:4      | Noticed a slave
  2364 | D:4      | Noticed a slave
  2365 | D:4      | Noticed an ogre
  2528 | D:4      | Noticed Pikel
  3016 | D:4      | Noticed Eustachio
  3456 | D:3      | Noticed a centaur
  3463 | D:3      | HP: 1/24 [centaur/arrow (9)]
  3464 | D:3      | Shot with an arrow by a centaur

Skill      XL: |  1  2  3 |
---------------+----------+-----
Conjurations   | 5 |  5.7
Spellcasting   | 4 |  4.7
Dodging        | |  2.4
Stealth        | |  2.4

Action                   |  1- 3 |  4- 6 || total
-------------------------+-------+-------++-------
Melee: Dagger            |     2 |     1 ||     3
 Cast: Magic Dart        |    83 |    26 ||   109
       Iskenderun's Myst |       |    10 ||    10
  Use: Scroll            |     5 |       ||     5
       Potion            |     1 |       ||     1
  Eat: Chunk             |     3 |     4 ||     7
       Pizza             |       |     1 ||     1
Armor: Robe              |     5 |     8 ||    13
Dodge: Dodged            |    10 |     9 ||    19
